 Dungeon Sprint DCSS version 0.21-a0-110-g8e1637b (webtiles) character file.

81 Kidiri the Sneak (level 4, -5/22 HPs)
             Began as a Spriggan Enchanter on July 7, 2017.
             Engulfed by a cloud of steam (12 damage)
             ... in the Dungeon (Sprint II: "The Violet Keep of Menkaure") on July 8, 2017.
             The game lasted 00:04:16 (194 turns).

Kidiri the Sneak (Spriggan Enchanter)                Turns: 194, Time: 00:04:17

Health: -5/22      AC:  2    Str:  4    XL:     4   Next: 19%
Magic:  2/12       EV: 21    Int: 16    God:
Gold:   243        SH:  0    Dex: 17    Spells: 10/13 levels left

rFire    . . .     SeeInvis +   a - +1 dagger
rCold    . . .     Gourm    .   (shield restricted)
rNeg     . . .     Faith    .   b - +0 robe
rPois    .         Spirit   .   (helmet restricted)
rElec    .         Reflect  .   (no cloak)
rCorr    .         Harm     .   (gloves unavailable)
MR       .....     NoTele   +   (boots unavailable)
Stlth    ++........             (no amulet)
HPRegen  0.07/turn              (no ring)
MPRegen  0.13/turn              (no ring)

@: slow
A: unfitting armour, see invisible, herbivore 3, speed 3, slow metabolism 2
a: no special abilities


You were in the Dungeon.
You were not hungry.

You visited 1 branch You collected 243 gold pieces.

Inventory:

Hand Weapons
 a - a +1 dagger (weapon)
Armour
 b - a +0 robe (worn)
Scrolls
 j - a scroll of blinking
Potions
 e - a potion of curing
 f - a potion of heal wounds
 g - a potion of haste
 h - 2 potions of magic
Books
 c - a book of Maledictions

   Spells                             Type                      Level
   a - Corona                         Hexes                        1
   b - Ensorcelled Hibernation        Hexes/Ice                    2
   c - Confuse                        Hexes                        3
   d - Tukima's Dance                 Hexes                        3
   e - Dazzling Spray                 Conjuration/Hexes            3
Comestibles
 d - a bread ration
 i - 2 chunks of flesh


   Skills:
 + Level 1.6 Fighting
 * Level 3.6 Short Blades
 + Level 1.5 Armour
 * Level 6.0 Dodging
 * Level 6.9 Stealth
 * Level 5.0 Spellcasting
 + Level 4.7 Hexes


You had 10 spell levels left.
You knew the following spells:

 Your Spells              Type           Power        Failure   Level  Hunger
a - Corona                Hex            ###....      2%          1    None
b - Ensorcelled Hibernat  Hex/Ice        ##....       9%          2    #......


Dungeon Overview and Level Annotations

Branches:
Dungeon (1/1)

Altars:

Shops:
D =[%!?:!(}=[


Innate Abilities, Weirdness & Mutations

You are very small and have problems with some larger weapons.
You are too small for most types of armour.
You have supernaturally acute eyesight. (SInv)
You are a herbivore.
You cover ground extremely quickly.
You need consume almost no food.


Message History

There is an open door here.
You see here 3 chunks of flesh.
There's a creature in the doorway!
Unknown command.
Unknown command.
Unknown command.
There is an open door here.
Things that are here:
243 gold pieces; a worker ant corpse You close the door.
There is an open door here.
You close the door.
You see here a worker ant corpse.
Really walk into a travel-excluded area?
You are engulfed in a cloud of scalding steam.
You enter the shallow water.
Moving in this stuff is going to be slow.
You are engulfed in a cloud of scalding steam.
Ouch! That really hurt!
You die...

..#≈≈ ##.#.##.#### ..#≈≈
#..#..#....#
∩.#≈≈#####$#####..##
.∩#≈##.###+# .##..#
∩.#≈#.t.##a##.m.#..#
.∩+≈'##.'%<.+.#$+..###
..#≈#.####.##...#§...###.
###≈##.# #+###.##§.....≈≈
###≈≈### .#. ###@§.....≈#
##≈≈≈#.w w.#≈≈≈≈≈≈≈..≈#
#+#≈##$ .##≈≈§≈§§≈≈.≈#
#≈≈##+##≈≈≈≈≈≈§≈≈≈†#
##≈≈≈≈≈≈≈≈§§≈≈≈≈§§§#
#+++#+++#§§≈≈≈≈§§§# §SS§§
##≈≈≈###§§#
§§§≈≈§§§≈##≈≈# §≈
+§≈§≈§≈§≈≈≈≈+≈≈#


You could see a lava snake (sleeping).

Vanquished Creatures
  3 worker ants (D)
  3 worms (D)
6 creatures vanquished.

Vanquished Creatures (others)
  Menkaure (D)
  A crocodile (D)
2 creatures vanquished.

Grand Total: 8 creatures vanquished

Notes
Turn   | Place    | Note
-------+----------+-------------------------------------------
     0 | D        | Kidiri the Spriggan Enchanter began the quest for the Orb.
     0 | D        | Reached XP level 1. HP: 9/9 MP: 5/5
     1 | D        | Noticed a tyrant leech
     1 | D        | Noticed a tyrant leech
    16 | D        | Reached skill level 5 in Stealth
    20 | D        | Killed a crocodile
    33 | D        | Killed Menkaure
    98 | D        | Found Xyarche's Gadget Shoppe.
    98 | D        | Found Mawi's Jewellery Shoppe.
    98 | D        | Found Deceont's Distillery.
    98 | D        | Found Warchaduips's Distillery.
    98 | D        | Found Peate's Antique Weapon Emporium.
    98 | D        | Found Waiwk's Magic Scroll Shoppe.
    98 | D        | Found Pahuixa's Book Shoppe.
    98 | D        | Found Latuj's Food Emporium.
   100 | D        | Reached XP level 2. HP: 14/14 MP: 7/7
   105 | D        | Learned a level 2 spell: Ensorcelled Hibernation
   117 | D        | Noticed a merfolk siren
   123 | D        | Reached skill level 1 in Fighting
   123 | D        | Reached skill level 1 in Armour
   123 | D        | Reached skill level 5 in Dodging
   123 | D        | Reached XP level 3. HP: 18/18 MP: 5/9
   133 | D        | Noticed a crocodile
   138 | D        | Reached skill level 5 in Spellcasting
   138 | D        | Reached XP level 4. HP: 4/22 MP: 0/12
   156 | D        | Found Betesonk's Antique Armour Emporium.
   163 | D        | Found Fuudutob's Antique Armour Shoppe.
   163 | D        | Found Umanlul's Jewellery Emporium.
   194 | D        | Engulfed by a cloud of steam

Vault maps used:
D:        the_violet_keep_of_menkaure

Skill      XL: |  1  2  3 |
---------------+----------+-----
Spellcasting   | 3 4 5 |  5.0
Stealth        | 5 6 |  6.9
Short Blades   | 2 3 |  3.6
Dodging        | 4 5 6 |  6.0
Fighting       | 1 |  1.6
Armour         | 1 |  1.5
Hexes          | 4 |  4.7

Action                   |  1- 3 |  4- 6 || total
-------------------------+-------+-------++-------
Melee: Dagger            |    11 |       ||    11
 Cast: Corona            |     1 |       ||     1
       Ensorcelled Hiber |     4 |     2 ||     6
  Use: Potion            |     1 |       ||     1
 Stab: Sleeping          |     5 |       ||     5
Armor: Robe              |     1 |     1 ||     2
Dodge: Dodged            |     3 |     2 ||     5
